 Dungeon Crawl Stone Soup version 0.31-a0-277-g31ea1f6 (webtiles) character file.

Game seed: 2904528287550986450

1740 Dawnplanks the Ruffian (level 8, -3/112 HPs)
             Began as a Troll Shapeshifter on July 15, 2023.
             Was an Initiate of Ru.
             Slain by an ogre
             ... wielding a +0 giant club
              (14 damage)
             ... on level 5 of the Dungeon.
             The game lasted 00:07:36 (4108 turns).

Dawnplanks the Ruffian (Troll Shapeshifter)         Turns: 4108, Time: 00:07:37

Health: -3/112     AC: 24    Str: 26    XL:     8   Next: 77%
Magic:  7/7        EV:  1    Int:  4    God:    Ru [......]
Gold:   132        SH:  0    Dex: 10    Spells: 7/7 levels left

rFire   . .          .
                       - Unarmed
rCold   . . .        (no shield)
rNeg    . . .        a - melded +0 animal skin
rPois   +            (helmet currently unavailable)
rElec   .            (cloak currently unavailable)
rCorr   .            (gloves unavailable)
SInv    .            (boots unavailable)
Will    +....        (no amulet)
Stlth   ++           i - ring of willpower
HPRegen 1.18/turn    (no ring)
MPRegen 0.10/turn

%: no passive effects
@: tree-form
A: stationary, stasis, torment immunity, boosted hp, large, unfitting armour,
(claws 3), regeneration 1, (shaggy fur 1), (tough skin 1)
a: Renounce Religion


You were on level 5 of the Dungeon.
You worshipped Ru.
Ru was noncommittal.
You were a tree.
You visited 2 branches of the dungeon, and saw 6 of its levels.

You collected 197 gold pieces.
You spent 65 gold pieces at shops.

Inventory:

Hand Weapons
 w - a +2 mace of protection
Armour
 a - a +0 animal skin (melded)
Jewellery
 d - a ring of fire
 i - a ring of willpower (left branch)
Talismans
 c - a beast talisman
Wands
 k - a wand of roots (9)
 s - a wand of flame (16)
 t - a wand of acid (4)
Scrolls
 e - 2 scrolls of fog {unknown}
 f - a scroll of summoning {unknown}
 g - 3 scrolls of revelation {unknown}
 h - 4 scrolls of enchant weapon {unknown}
 n - a scroll of brand weapon {unknown}
 o - 4 scrolls of teleportation
 p - a scroll of amnesia {unknown}
 r - a scroll of enchant armour {unknown}
 x - a scroll of fear {unknown}
 y - a scroll of poison {unknown}
Potions
 b - 2 potions of lignification
 j - a potion of magic
 l - 3 potions of curing
 m - a potion of enlightenment {unknown}
 q - a potion of resistance
 u - a potion of haste {unknown}
 v - 2 potions of degeneration {unknown}
 z - a potion of might {unknown}


   Skills:
 + Level 3.0 Fighting
 + Level 3.3 Dodging
 + Level 1.9 Stealth
 + Level 7.9 Unarmed Combat
 + Level 5.6 Shapeshifting


You had 7 spell levels left.
You didn't know any spells.
Your spell library contained the following spells:

 Spells                   Type           Power      Damage    Failure   Level
 Shock                    Conj/Air       0%         1d3       50%         1
 Sting                    Tmut/Pois      0%         1d3       50%         1
 Poisonous Vapours        Pois/Air       0%         N/A       65%         2
 Sublimation of Blood     Necr           0%         N/A       65%         2
 Wereblood                Tmut           0%         N/A       65%         2
 Swiftness                Air            0%         N/A       86%         3
 Vhi's Electric Charge    Tloc/Air       0%         N/A       86%         3
 Airstrike                Air            0%         2d(0-16)  99%         4
 Olgreb's Toxic Radiance  Pois           0%         N/A       99%         4
 Arcjolt                  Conj/Air       0%         1d10      100%        5
 Plasma Beam              Fire/Air       0%         2x1d10    100%        6
 Summon Hydra             Summ           0%         N/A       100%        7


Dungeon Overview and Level Annotations

Branches:
Dungeon (5/15)             Temple (1/1) D:5

Altars:
Ashenzari
Dithmenos
Elyvilon
Gozag
Hepliaklqana
Kikubaaqudgha
Makhleb
Nemelex Xobeh
Okawaru
Qazlal
Ru
Sif Muna
Trog
Uskayaw
Vehumet
Wu Jian
Xom
Yredelemnul
Zin
The Shining One

Shops:
D:4 =?=   D:5 *


Innate Abilities, Weirdness & Mutations

You are a tree.
Your roots penetrate the ground, keeping you stationary.
You cannot be teleported.
You are immune to unholy pain and torment.
Your maximum health is greatly increased.
Your equipment is partially melded.
You are too large for most types of armour.
((You have claws for hands.))
Your natural rate of healing is unusually fast.
((You are covered in fur. (AC +1)))
((You have tough skin. (AC +1)))


Message History

The orc hits you but does no damage.
The phantom hits you but does no damage.
Your Fighting skill increases to level 3!
You barely miss the phantom.
The phantom is severely damaged.
The orc hits you but does no damage. The orc hits you with a +0 hand axe.
* * * LOW HITPOINT WARNING * * *
The phantom hits you but does no damage.
You closely miss the ogre. You punch the ogre.
The ogre is lightly wounded.
The orc hits you but does no damage. x2; The phantom hits you.
* * * LOW HITPOINT WARNING * * *
The ogre hits you with a +0 giant club!
* * * LOW HITPOINT WARNING * * *
You hit the ogre.
The ogre is lightly wounded.
The orc barely misses you. The orc hits you but does no damage.
The phantom hits you but does no damage.
You hit the ogre.
The ogre is moderately wounded.
The ogre hits you with a +0 giant club.
* * * LOW HITPOINT WARNING * * *
The orc hits you but does no damage.
The phantom hits you but does no damage.
The orc hits you but does no damage.
You smack the ogre!
The ogre is severely wounded.
You barely miss the ogre.
The ogre is severely wounded.
The orc hits you but does no damage. x2
The ogre hits you with a +0 giant club!
* * * LOW HITPOINT WARNING * * *
The phantom hits you but does no damage.
Unknown command.
You hit the ogre.
The ogre is severely wounded.
The orc hits you but does no damage.
The phantom hits you but does no damage.
The orc hits you but does no damage. The ogre hits you with a +0 giant club!
You die...

#.# ############.####
######.§.........)...##
#......####...#.#.##..#
#§§............†.......
#####'######..†..##...#
#!$#..r#...#.##..)..#.#
#$[..OWo...'....##).# .
)$#Jo♣#. #...........
########## ############


You could see an ogre, a phantom, a jelly, 2 orcs and a quokka.

Vanquished Creatures
  Pikel (D:5)
  Prince Ribbit (D:5)
  2 ice beasts (D:5)
  2 black bears (D:4)
  2 ogres (D:5)
  A lemure (D:5)
  Blork the orc (D:5)
  A phantom (D:5)
  A scorpion (D:5)
  A jelly (D:5)
  An orc priest (D:5)
  A hound (D:5)
  A gnoll bouda (D:5)
  2 iguanas (D:5)
  A sleepcap (D:3)
  An orc wizard (D:5)
  8 adders
  3 dart slugs
  10 orcs (D:5)
  4 endoplasms
  7 giant cockroaches
  4 goblins
  3 hobgoblins
  17 jackals
  A quokka (D:1)
  8 ball pythons
  5 bats
  5 frilled lizards
  4 kobolds
99 creatures vanquished.

Notes
Turn   | Place    | Note
-------+----------+-------------------------------------------
     0 | D:1      | Dawnplanks the Troll Shapeshifter began the quest for the
                  | Orb.
     0 | D:1      | Reached XP level 1. HP: 19/19 MP: 0/0
   279 | D:1      | Reached XP level 2. HP: 27/27 MP: 1/1
  1015 | D:2      | Reached XP level 3. HP: 28/35 MP: 2/2
  1072 | D:2      | Found a faded altar of an unknown god.
  1291 | D:2      | Reached XP level 4. HP: 37/42 MP: 3/3
  1860 | D:3      | Reached skill level 3 in Unarmed Combat
  2700 | D:4      | Reached XP level 5. HP: 49/49 MP: 4/4
  2889 | D:4      | Found Nicvaogh's Jewellery Boutique.
  2897 | D:4      | Found Mockawk's Magic Scroll Shop.
  2899 | D:4      | Noticed a black bear
  2903 | D:4      | Killed a black bear
  2904 | D:4      | Reached skill level 4 in Unarmed Combat
  2909 | D:4      | Bought a scroll of teleportation for 39 gold pieces
  2909 | D:4      | Bought a scroll of identify for 26 gold pieces
  2962 | D:4      | Noticed a black bear
  2968 | D:4      | Killed a black bear
  2969 | D:4      | Reached XP level 6. HP: 53/57 MP: 5/5
  3134 | D:4      | Found Diheolee's Jewellery Boutique.
  3208 | D:5      | Entered Level 5 of the Dungeon
  3219 | D:5      | Noticed Prince Ribbit
  3241 | D:5      | Killed Prince Ribbit
  3242 | D:5      | Reached skill level 1 in Stealth
  3242 | D:5      | Reached skill level 5 in Unarmed Combat
  3242 | D:5      | Reached XP level 7. HP: 49/65 MP: 6/6
  3362 | D:5      | Noticed Blork the orc
  3370 | D:5      | Killed Blork the orc
  3481 | D:5      | Noticed Pikel
  3502 | D:5      | Killed Pikel
  3503 | D:5      | Reached skill level 6 in Unarmed Combat
  3503 | D:5      | Reached skill level 5 in Shapeshifting
  3503 | D:5      | Reached XP level 8. HP: 66/74 MP: 7/7
  3519 | D:5      | Found Vaevirch's Elemental Accessories.
  3533 | D:5      | Reached skill level 7 in Unarmed Combat
  3534 | D:5      | Found a staircase to the Ecumenical Temple.
  3545 | Temple   | Entered the Ecumenical Temple
  3638 | Temple   | Became a worshipper of Ru the Awakened
  4108 | D:5      | Slain by an ogre

Illustrated notes

Levels and vault maps discovered:
D:1:      dpeg_arrival_brainrot, layout_basic, nicolae_hexahallways,
          wad_floor_pattern_2
D:2:      layout_basic, hellmonk_ecumenical_altar_dog_temple
D:3:      layout_basic, minmay_misc_feat_doors
D:4:      layout_loops_cross, serial_shops, shop, shop, shop, item_on_display_a
D:5:      minmay_thinvault, layout_rooms, minmay_temple_entry_proselytizer,
          nicolae_elemental_shop, grunt_decor_cap, uniq_blork_the_orc,
          uniq_prince_ribbit1, uniq_pikel
Temple:   nicolae_temple_slightly_damp_pantheon

Skill      XL: |  1  2  3  4  5  6  7  8 |
---------------+-------------------------+-----
Unarmed Combat | 3 4 5 6 7 |  7.9
Shapeshifting  | 4 5 |  5.6
Fighting       | 2 3 |  3.0
Dodging        | 2 3 |  3.3
Stealth        | 1 |  1.9

Action                     |  1- 3 |  4- 6 |  7- 9 || total
---------------------------+-------+-------+-------++-------
  Melee: Unarmed           |    70 |    82 |   107 ||   259
         Punch             |       |     1 |     5 ||     6
    Use: Scroll            |       |     2 |     1 ||     3
         Potion            |       |       |     1 ||     1
   Stab: Sleeping          |     1 |     2 |       ||     3
         Distracted        |       |       |     1 ||     1
 Armour: Animal skin       |    24 |    22 |    16 ||    62
         Skin              |       |       |    53 ||    53
  Dodge: Dodged            |    25 |    30 |    34 ||    89

Table legend: (Time is in decaauts)
 A = Elapsed time spent in this place.
 B = Non-inter-level travel time spent in this place.
 C = Inter-level travel time spent in this place.
 D = Time resting spent in this place.
 E = Time spent auto-exploring this place.
 F = Levels seen in this place.
 G = Mean time per level.
                   A        B        C        D        E       F      G
               +--------+--------+--------+--------+--------+-----+--------+
         Total |   4083 |   3951 |    132 |      0 |   3352 |   6 |  680.5 |
       Dungeon |   3857 |   3757 |    100 |      0 |   3180 |   5 |  771.4 |
        Temple |    226 |    194 |     32 |      0 |    172 |   1 |  226.0 |
               +--------+--------+--------+--------+--------+-----+--------+

Top non-repeatable levels by time:
     D:1: 927 daAuts
     D:2: 920 daAuts
     D:3: 753 daAuts
     D:5: 658 daAuts
     D:4: 597 daAuts
  Temple: 226 daAuts
